 Dungeon Crawl Stone Soup version 0.20.1-1-g8b1a95d (webtiles) character file.

319346 theElss the Hoplite (level 21, -19/210 HPs)
             Began as a Gargoyle Berserker on July 8, 2017.
             Was the Champion of Trog.
             Demolished by a caustic shrike simulacrum (31 damage)
             ... led by a necromancer
             ... on level 4 of the Depths.
             The game lasted 02:52:46 (47974 turns).

theElss the Hoplite (Gargoyle Berserker)           Turns: 47974, Time: 02:52:47

Health: -19/210    AC: 47    Str: 37    XL:     21   Next: 47%
Magic:  30/30      EV: 16    Int:  9    God:    Trog [******]
Gold:   1617       SH: 20    Dex: 13    Spells: 20/20 levels left

rFire    + + +     SeeInvis +   a - +7 eveningstar (venom)
rCold    . . .     Gourm    +   Q - +2 shield of Resistance {rF+ rC+ MR+}
rNeg     + + +     Faith    .   t - +5 plate armour of the Realm of Zot {rC- rN++ Str+2 SInv}
rPois    ∞         Spirit   .   w - +2 helmet
rElec    +         Reflect  .   d - +1 cloak {rPois}
rCorr    +         Harm     .   C - +1 pair of gloves
MR       ++...                  P - +4 pair of boots "Ymewaxob" {+Fly rF++ Dex+4}
Stlth    ..........             z - amulet of the gourmand
Regen    0.5/turn               A - ring of resist corrosion
MPRegen  0.3/turn               e - +4 ring of evasion

@: berserking, flying, very quick
A: big wings, negative energy resistance 1, electricity resistance, unbreathing,
petrification resistance, rot immunity, AC +15
}: 2/15 runes: serpentine, barnacled
a: Stop Flying, Berserk, Trog's Hand, Brothers in Arms, Burn Spellbooks,
Renounce Religion


You were on level 4 of the Depths.
You worshipped Trog.
Trog was exalted by your worship.
You were very full.

You visited 6 branches of the dungeon, and saw 34 of its levels.
You visited the Abyss 1 time.
You also visited: Labyrinth and Ice Cave.

You collected 3354 gold pieces.
You spent 1737 gold pieces at shops.

Inventory:

Hand Weapons
 a - a +7 eveningstar of venom (weapon)
Armour
 d - a +1 cloak of poison resistance (worn)
 t - the +5 plate armour of the Realm of Zot (worn) {rC- rN++ Str+2 SInv}
   (You found it on level 5 of the Dungeon)

   It affects your strength (+2).
   It makes you vulnerable to cold.
   It greatly protects you from negative energy.
   It lets you see invisible.
 w - a +2 helmet (worn)
 C - a +1 pair of gloves (worn)
 P - the +4 pair of boots "Ymewaxob" (worn) {+Fly rF++ Dex+4}
   (You bought it in a shop on level 2 of the Orcish Mines)

   It affects your dexterity (+4).
   It greatly protects you from fire.
   It lets you fly.
 Q - the +2 shield of Resistance (worn) {rF+ rC+ MR+}
   (You bought it in a shop on level 1 of the Snake Pit)

   It protects you from fire.
   It protects you from cold.
   It affects your resistance to hostile enchantments.
Jewellery
 e - a +4 ring of evasion (right hand)
 i - an uncursed ring of teleportation
 q - a +5 ring of protection
 z - an amulet of the gourmand (around neck)
 A - a ring of resist corrosion (left hand)
 F - a cursed amulet of faith {unknown}
 I - a +6 ring of dexterity {unknown}
 J - an uncursed ring of protection from fire
 S - an uncursed ring of ice
Wands
 m - a wand of lightning (6/15)
 E - a wand of paralysis (13/24)
 G - a wand of iceblast (5/15)
 H - a wand of polymorph (16/24)
Scrolls
 f - 12 scrolls of fog
 g - 15 scrolls of teleportation
 n - 3 scrolls of fear
 p - 6 scrolls of identify
 r - a scroll of recharging
 u - a scroll of magic mapping
 v - 4 scrolls of remove curse
 y - 6 scrolls of blinking
 W - a scroll of silence
Potions
 b - 2 potions of ambrosia
 h - 9 potions of curing
 j - 2 potions of heal wounds
 k - 3 potions of agility
 l - 2 potions of brilliance
 o - 2 potions of resistance
 s - 3 potions of haste
Books
 K - a book of Minor Magic

   Spells                             Type                      Level
   a - Magic Dart                     Conjuration                  1
   b - Blink                          Translocation                2
   c - Call Imp                       Summoning                    2
   d - Slow                           Hexes                        2
   e - Conjure Flame                  Conjuration/Fire             3
   f - Mephitic Cloud                 Conjuration/Poison/Air       3
   Trog disapproves of the use of such an item.
 L - a book of Battle

   Spells                             Type                      Level
   a - Infusion                       Charms                       1
   b - Shroud of Golubria             Charms/Translocation         2
   c - Song of Slaying                Charms                       2
   d - Spectral Weapon                Hexes/Charms                 3
   e - Regeneration                   Charms/Necromancy            3
   Trog disapproves of the use of such an item.
 M - a book of Clouds

   Spells                             Type                      Level
   a - Poisonous Vapours              Poison/Air                   2
   b - Mephitic Cloud                 Conjuration/Poison/Air       3
   c - Conjure Flame                  Conjuration/Fire             3
   d - Freezing Cloud                 Conjuration/Ice/Air          6
   e - Ring of Flames                 Charms/Fire                  7
   Trog disapproves of the use of such an item.
Miscellaneous
 B - a phial of floods
Comestibles
 c - 16 bread rations
 x - 19 fruits
 D - 19 royal jellies
 N - 21 meat rations
 O - 3 chunks of flesh


   Skills:
 + Level 17.6 Fighting
 + Level 18.7 Maces & Flails
 - Level 8.1 Armour
 + Level 7.2 Dodging
 - Level 2.9 Stealth
 + Level 22.5 Shields
 * Level 12.8 Evocations


You had 20 spell levels left.
You didn't know any spells.

Dungeon Overview and Level Annotations

Branches:
Dungeon (15/15)            Temple (0/1) D:6            Lair (6/6) D:9
 Shoals (4/4) Lair:4        Snake (4/4) Lair:3        Slime (0/5) Lair:6
    Orc (2/2) D:9             Elf (0/3) Orc:2        Vaults (0/5) D:13
 Depths (4/5) D:15

Altars:
Cheibriados
Dithmenos
Elyvilon
Fedhas
Gozag
Kikubaaqudgha
Makhleb
Okawaru
Qazlal
Sif Muna
Vehumet
Xom
Yredelemnul
The Shining One
Beogh

Shops:
D:10 :   D:11 !   D:13 *[[   Orc:1 ((!!*   Orc:2 *!(*   Shoals:2 !   Snake:1 ([
Snake:3 }

Portals:
Hell: Depths:1 Depths:2
Abyss: Depths:4


Innate Abilities, Weirdness & Mutations

You are resistant to torment.
Your stone body is resilient. (AC +15)
You are immune to poison.
Your large and strong wings let you fly indefinitely.
You resist negative energy. (rN+)
You are resistant to electric shocks. (rElec)
You can survive without breathing.
You are immune to petrification.
You are immune to rotting.


Message History

Trog accepts your kill.
You block the caustic shrike simulacrum's attack.
You block the phantasmal warrior's attack.
You bludgeon the phantasmal warrior!!
The phantasmal warrior is heavily damaged.
You block the caustic shrike simulacrum's attack.
You sock the phantasmal warrior!
The phantasmal warrior is severely damaged.
The caustic shrike simulacrum claws you!
* * * LOW HITPOINT WARNING * * *
The caustic shrike simulacrum freezes you!!
* * * LOW HITPOINT WARNING * * *
The phantasmal warrior misses you.
You bludgeon the phantasmal warrior!!
You destroy the phantasmal warrior!
Trog accepts your kill.
The caustic shrike simulacrum claws you!
* * * LOW HITPOINT WARNING * * *
The caustic shrike simulacrum freezes you!!
You die...

*,,,∩,,∩,,,,,,*,,*,,,,,*,,,*
**....§.C.P.,,,,,,,,,,*,,,,*
**.P.∩W....,*,,,,,,*,,,,,,,,
*,......P..,,,,,,,,,,,,,,,,,
**.......Z.,,,,,************
*#...P...###++########*****
#.......##≈≈≈≈≈≈≈≈≈≈≈≈≈**,
*#...#..#≈≈..........P≈**,
#.....V(@....._..P..P≈*,,
#.#....Z≈.._.......⌠P≈**,
#......#≈......8....,≈**,
*#.....##≈....8≈≈≈≈≈≈≈≈**,
#..#...*#≈._..≈≈#+#+##****
##.....*#≈..^8≈###.#.###*,
*#...#.*#≈....≈'#......#,.
**......*#≈.P..≈#..#.#.#+#.
*,,,,,,,*#≈....≈+#...#..#..


You could see a vampire knight and a caustic shrike simulacrum.

Vanquished Creatures
  Saint Roka (Snake:2)
  A caustic shrike (Depths:2)
  A bone dragon (Abyss:2)
  A tentacled monstrosity (Depths:2)
  Jorgrun (Snake:3)
  A lich (Depths:1)
  A titan (Depths:4)
  A tentacled starspawn (Abyss:2)
  Polyphemus (Shoals:3)
  Frances (Snake:2)
  Kirke (Lair:5)
  A sphinx (Depths:2)
  Ilsuiw (Shoals:4)
  11 nagarajas
  Agnes (D:15)
  A fire giant (Depths:4)
  Roxanne (Snake:4)
  3 frost giants
  A deep elf elementalist (Depths:4)
  12 very ugly things
  The ghost of ThePrince the Grappler, a journeyman TrMo of Ru (Orc:2)
  A vampire knight (Depths:1)
  8 stone giants
  5 dire elephants (Lair:6)
  2 spark wasps (Depths:4)
  An eidolon (Abyss:2)
  2 fire dragons
  9 merfolk impalers
  3 merfolk javelineers (Shoals:4)
  A minotaur (Lab)
  A great orb of eyes (Abyss:2)
  Fannar (D:11)
  2 ice dragons
  5 rakshasas
  22 naga warriors
  10 centaur warriors
  2 spriggan air magi
  4 merfolk avatars
  9 hydras
  15 anacondas
  A catoblepas (Shoals:3)
  A death knight (D:15)
  4 ogre magi
  6 merfolk aquamancers
  3 alligator snapping turtles
  2 satyrs
  Urug (D:13)
  18 two-headed ogres
  A titan zombie (Abyss:2)
  2 deep troll earth magi
  12 death yaks
  3 orc high priests (Orc:2)
  4 deep troll shamans
  A tengu warrior (D:15)
  5 shock serpents
  A vampire mage (Depths:4)
  2 thrashing horrors (Abyss:2)
  A spriggan berserker (Depths:1)
  15 naga sharpshooters
  Sonja (D:12)
  The ghost of Mesmaeker13 the Nimble, a novice DEWz of Vehumet (D:9)
  2 iron trolls (D:15)
  2 wretched stars (Abyss:2)
  A hell knight (Depths:2)
  6 salamander mystics
  5 skeletal warriors
  2 glowing orange brains
  9 naga ritualists
  A flayed ghost (Depths:2)
  10 sea snakes
  3 unseen horrors
  10 deep trolls
  2 starcursed masses (Abyss:2)
  4 phantasmal warriors
  An orc knight (Orc:1)
  A wolf spider (D:15)
  Pikel (D:6)
  6 harpies
  An orc sorcerer (Snake:1)
  12 mana vipers
  3 deep elf magi (D:15)
  A necromancer (Depths:2)
  11 salamanders
  4 lindwurms (Snake:4)
  30 ugly things
  4 oklob plants
  5 cyclopes
  11 fauns
  A cyclops (shapeshifter) (D:14)
  10 manticores
  45 black mambas
  13 elephants (Lair:6)
  An ice statue (IceCv)
  7 guardian serpents
  A salamander (shapeshifter) (D:15)
  5 water nymphs
  An apocalypse crab (Abyss:2)
  A guardian serpent (shapeshifter) (D:14)
  7 merfolk sirens
  23 naga magi
  A water nymph (shapeshifter) (D:13)
  Psyche (D:8)
  A spiny frog (shapeshifter) (D:14)
  2 centaur skeletons
  2 smoke demons
  2 efreet
  6 komodo dragons
  3 freezing wraiths (D:15)
  12 spiny frogs
  A yaktaur (shapeshifter) (D:15)
  8 yaktaurs
  A gargoyle (D:14)
  15 rime drakes
  A tengu conjurer (D:15)
  24 merfolk
  A queen bee (Lair:2)
  A red devil (Depths:1)
  4 trolls
  A meliai (shapeshifter) (Depths:1)
  16 hippogriffs
  13 polar bears (IceCv)
  A wind drake (shapeshifter) (Depths:1)
  A wolf spider simulacrum (D:15)
  9 wind drakes
  6 hornets
  14 blink frogs
  9 dream sheep
  14 slime creatures
  A dream sheep (shapeshifter) (D:15)
  7 snapping turtles
  2 large abominations (Abyss:2)
  3 air elementals (Depths:2)
  5 shadows
  7 wyverns
  57 yaks
  2 spriggans (Depths:2)
  18 water elementals
  3 wraiths
  2 fire bats
  A fire elemental (D:15)
  Sigmund (D:4)
  A vampire (D:15)
  Eustachio (D:4)
  A steam dragon (Lair:4)
  5 basilisks
  A chaos spawn (Abyss:2)
  2 hogs (Lair:5)
  6 hungry ghosts
  Menkaure (D:6)
  7 vampire mosquitoes
  12 wargs
  43 nagas
  16 water moccasins
  2 soldier ants (D:13)
  A hell hound (Lair:3)
  2 acid dragons
  Duvessa (D:4)
  10 orc warriors
  5 porcupines
  2 hornet zombies
  3 sky beasts
  7 phantoms
  The ghost of Exporg the Skirmisher, an amateur HOFi (D:3)
  21 wolves
  A boggart (Depths:2)
  27 ogres
  36 centaurs
  20 crocodiles
  Blork the orc (D:6)
  A big kobold (D:11)
  15 bullfrogs
  A wyvern zombie (D:15)
  3 small abominations (Abyss:2)
  4 scorpions
  A water moccasin skeleton (D:5)
  Dowan (D:4)
  3 wights (D:11)
  27 killer bees
  5 electric eels (Lair:6)
  3 centaur zombies
  11 crimson imps
  A quasit (D:8)
  10 hounds
  15 jellies
  35 orc priests
  Crazy Yiuf (D:3)
  A bullfrog zombie (D:9)
  17 orc wizards
  2 bullfrog skeletons
  2 iguanas
  Jessica (D:2)
  Natasha (D:3)
  Terence (D:2)
  10 worker ants
  A human simulacrum (Abyss:2)
  2 hound skeletons
  A howler monkey zombie (D:7)
  2 worker ant zombies
  Robin (D:3)
  8 gnolls
  17 adders
  2 shadow imps
  2 ufetubi (Abyss:2)
  An ooze (Lair:6)
  2 adder skeletons
  4 worms
  2 dart slugs
  6 leopard geckos
  77 orcs
  7 giant cockroaches
  19 goblins
  12 hobgoblins
  7 jackals
  4 quokkas
  7 bats
  12 frilled lizards
  8 kobolds
  2 leopard gecko skeletons
  A leopard gecko zombie (D:5)
  11 rats
  6 plants
  A starspawn tentacle (Abyss:2)
1407 creatures vanquished.

Vanquished Creatures (collateral kills)
  A titan (Depths:4)
  A sphinx (Depths:4)
  A daeva (Abyss:2)
  A deep elf high priest (Depths:4)
  A merfolk siren (Shoals:4)
  An apocalypse crab (Abyss:2)
  3 orc priests (Orc:2)
  4 orcs (Orc:2)
13 creatures vanquished.

Vanquished Creatures (others)
  A fire dragon (Depths:4)
  A naga sharpshooter (Snake:4)
  A naga ritualist (Snake:4)
  A guardian serpent (Snake:4)
  A naga mage (Snake:4)
  2 polar bears (IceCv)
  7 yaks (IceCv)
  3 wolves (IceCv)
  An adder (D:6)
  2 jackals (D:6)
  8 fungi
  30 plants
  A starspawn tentacle (Abyss:2)
59 creatures vanquished.

Grand Total: 1479 creatures vanquished

Notes
Turn   | Place    | Note
-------+----------+-------------------------------------------
     0 | D:1      | theElss the Gargoyle Berserker began the quest for the Orb.
     0 | D:1      | Reached XP level 1. HP: 14/14 MP: 1/1
   459 | D:1      | Reached XP level 2. HP: 13/19 MP: 2/2
   956 | D:1      | Reached ** piety under Trog
  1146 | D:2      | Noticed Jessica
  1151 | D:2      | Killed Jessica
  1151 | D:2      | Reached XP level 3. HP: 24/24 MP: 3/3
  1214 | D:2      | Noticed Terence
  1220 | D:2      | Killed Terence
  1220 | D:2      | Reached skill level 1 in Stealth
  1220 | D:2      | Reached XP level 4. HP: 29/29 MP: 4/4
  1552 | D:2      | Reached XP level 5. HP: 26/33 MP: 5/5
  1789 | D:2      | Found a stormy altar of Qazlal.
  1789 | D:2      | Found a blossoming altar of Fedhas.
  1789 | D:2      | Found an iron altar of Okawaru.
  1791 | D:2      | Found a basalt altar of Yredelemnul.
  2184 | D:3      | Noticed Exporg's ghost (amateur HOFi)
  2202 | D:3      | Killed Exporg's ghost
  2202 | D:3      | Reached *** piety under Trog
  2202 | D:3      | Reached skill level 5 in Maces & Flails
  2202 | D:3      | Reached XP level 6. HP: 39/39 MP: 6/6
  2594 | D:3      | Found a runed door.
  2598 | D:3      | Noticed Crazy Yiuf
  2605 | D:3      | Killed Crazy Yiuf
  2815 | D:3      | Noticed Robin
  2829 | D:3      | Killed Robin
  2993 | D:3      | Noticed Natasha
  3000 | D:3      | Killed Natasha
  3101 | D:3      | Found a snail-covered altar of Cheibriados.
  3184 | D:4      | Noticed Duvessa
  3184 | D:4      | Noticed Dowan
  3312 | D:4      | Reached XP level 7. HP: 35/44 MP: 7/7
  3451 | D:4      | Killed Dowan
  3522 | D:4      | Noticed Eustachio
  3533 | D:4      | Reached skill level 5 in Fighting
  3607 | D:4      | Noticed Sigmund
  3619 | D:4      | Killed Sigmund
  3619 | D:4      | Reached **** piety under Trog
  4195 | D:4      | Killed Duvessa
  4195 | D:4      | Reached XP level 8. HP: 50/50 MP: 8/8
  4345 | D:4      | Killed Eustachio
  4834 | D:5      | Entered Level 5 of the Dungeon
  4994 | D:5      | Found a large runed door.
  4994 | D:5      | Found a large runed door.
  5042 | D:5      | Found a large runed door.
  5043 | D:5      | Found a large runed door.
  5327 | D:5      | Reached skill level 5 in Armour
  5332 | D:5      | Got a warped plate armour
  5345 | D:5      | Identified the +5 plate armour of the Realm of Zot {rC- rN++ Str+2 SInv} (You found it on level 5 of the Dungeon)
  5469 | D:5      | Reached XP level 9. HP: 47/55 MP: 9/9
  5493 | D:5      | Found a shimmering altar of Xom.
  5521 | D:5      | Found an ancient bone altar of Kikubaaqudgha.
  5521 | D:5      | Found a deep blue altar of Sif Muna.
  5525 | D:5      | Found a radiant altar of Vehumet.
  5528 | D:5      | Identified Vehumet's Guide on Arcane Weapons
  5841 | D:5      | Found an opulent altar of Gozag.
  6071 | D:6      | Noticed Blork the orc
  6092 | D:6      | Killed Blork the orc
  6105 | D:6      | Found a staircase to the Ecumenical Temple.
  6157 | D:6      | Noticed Pikel
  6168 | D:6      | Killed Pikel
  6511 | D:6      | Noticed Menkaure
  6519 | D:6      | Killed Menkaure
  6679 | D:6      | Reached ***** piety under Trog
  6982 | D:7      | Reached XP level 10. HP: 62/63 MP: 10/10
  6996 | D:7      | Reached skill level 10 in Maces & Flails
  7360 | D:7      | Found a white marble altar of Elyvilon.
  8319 | D:8      | Reached skill level 1 in Shields
  8371 | D:8      | Found a shadowy altar of Dithmenos.
  8602 | D:8      | Noticed Psyche
  8607 | D:8      | Killed Psyche
  8607 | D:8      | Reached skill level 2 in Shields
  8643 | D:9      | Noticed Mesmaeker13's ghost (novice DEWz)
  8743 | D:10     | Entered Level 10 of the Dungeon
  9164 | D:10     | Reached skill level 3 in Shields
  9351 | D:10     | Received a gift from Trog
  9429 | D:10     | Found Gyusiz's Book Boutique.
  9545 | D:10     | Noticed a two-headed ogre
  9555 | D:10     | Killed a two-headed ogre
  9555 | D:10     | Reached XP level 11. HP: 69/69 MP: 11/11
  9785 | D:9      | Killed Mesmaeker13's ghost
  9785 | D:9      | Reached skill level 4 in Shields
 10238 | D:9      | Found a staircase to the Lair.
 10266 | D:9      | Found a staircase to the Orcish Mines.
 11278 | D:11     | Noticed a two-headed ogre
 11286 | D:11     | Killed a two-headed ogre
 11521 | D:11     | Reached skill level 5 in Shields
 11611 | D:11     | Found Suim's Distillery.
 11785 | D:11     | Noticed a two-headed ogre
 11794 | D:11     | Killed a two-headed ogre
 11999 | D:11     | Noticed a manticore
 12012 | D:11     | Killed a manticore
 12012 | D:11     | Reached skill level 10 in Fighting
 12034 | D:11     | Reached skill level 6 in Shields
 12165 | D:11     | Noticed Fannar
 12182 | D:11     | Killed Fannar
 12408 | D:11     | Reached skill level 7 in Shields
 12903 | D:11     | Noticed a green ugly thing
 12918 | D:11     | Killed a green ugly thing
 12985 | D:12     | Noticed a cyclops
 12996 | D:12     | Killed a cyclops
 12996 | D:12     | Reached skill level 8 in Shields
 12996 | D:12     | Reached XP level 12. HP: 64/77 MP: 12/12
 13104 | D:12     | Noticed Sonja
 13220 | D:12     | Killed Sonja
 13220 | D:12     | Reached skill level 9 in Shields
 13243 | D:12     | Noticed a two-headed ogre
 13250 | D:12     | Killed a two-headed ogre
 13330 | D:12     | Reached skill level 5 in Dodging
 13715 | Lair:1   | Entered Level 1 of the Lair of Beasts
 13819 | Lair:1   | Received a gift from Trog
 13819 | Lair:1   | Reached skill level 10 in Shields
 13825 | Lair:1   | Got a transparent scimitar {god gift}
 13829 | Lair:1   | Identified the +2 scimitar "Ratal" {slice, Dex+3} (Trog gifted it to you on level 1 of the Lair of Beasts)
 14121 | Lair:1   | Reached ****** piety under Trog
 14121 | Lair:1   | Reached skill level 11 in Shields
 14122 | Lair:1   | Found a frozen archway.
 14147 | IceCv    | Entered an ice cave
 14859 | IceCv    | Reached skill level 12 in Shields
 15165 | IceCv    | Noticed a death yak
 15193 | IceCv    | Killed a death yak
 15221 | IceCv    | Reached skill level 13 in Shields
 15221 | IceCv    | Reached XP level 13. HP: 64/82 MP: 13/13
 15350 | IceCv    | Noticed a frost giant
 15489 | IceCv    | Killed a frost giant
 15744 | IceCv    | Got a bloodstained ring mail
 16214 | Lair:1   | Identified the +3 ring mail "Vaem" {rElec MR- Regen+ Dex-2} (You found it in an ice cave)
 16492 | Lair:2   | Reached skill level 14 in Shields
 17837 | Lair:2   | Received a gift from Trog
 18218 | Lair:3   | Reached skill level 15 in Shields
 18518 | Lair:3   | Found a staircase to the Snake Pit.
 18588 | Lair:3   | Reached skill level 1 in Evocations
 19651 | Lair:3   | Gained mutation: Your large and strong wings let you fly indefinitely. [Gargoyle growth]
 19651 | Lair:3   | Reached XP level 14. HP: 88/88 MP: 15/15
 20506 | Lair:4   | Received a gift from Trog
 20642 | Lair:4   | Found a staircase to the Shoals.
 20697 | Lair:4   | Reached skill level 16 in Shields
 21701 | Lair:5   | Found a labyrinth entrance.
 21722 | Lab      | Entered a labyrinth
 22082 | Lab      | Got an encrusted rapier {pierce}
 22118 | Lair:5   | Identified the +5 rapier of Gefal {pierce, rF+} (You took it off a minotaur in a labyrinth)
 22756 | Lair:5   | Noticed Kirke
 22777 | Lair:5   | Killed Kirke
 23149 | Lair:6   | Entered Level 6 of the Lair of Beasts
 23457 | Lair:6   | Found a staircase to the Slime Pits.
 23567 | Lair:6   | Reached skill level 5 in Evocations
 23670 | Lair:6   | Reached XP level 15. HP: 84/94 MP: 18/18
 24332 | Lair:6   | Reached skill level 17 in Shields
 24740 | Lair:6   | Received a gift from Trog
 26060 | Orc:1    | Entered Level 1 of the Orcish Mines
 26103 | Orc:1    | Found a roughly hewn altar of Beogh.
 26144 | Orc:1    | Received a gift from Trog
 26164 | Orc:1    | Found Bokozxesh's Antique Weapon Shoppe.
 26165 | Orc:1    | Found Rall's Distillery.
 26184 | Orc:1    | Bought a potion of resistance for 130 gold pieces
 26327 | Orc:1    | Found Gigrud's Weapon Boutique.
 26400 | Orc:2    | Entered Level 2 of the Orcish Mines
 26416 | Orc:2    | Noticed ThePrince's ghost (journeyman TrMo)
 26441 | Orc:2    | Killed ThePrince's ghost
 26649 | Orc:2    | Found a staircase to the Elven Halls.
 27025 | Orc:2    | Found Gamanir's General Store.
 27025 | Orc:2    | Found Buhank's Antique Weapon Shoppe.
 27036 | Orc:2    | Bought the +4 pair of boots "Ymewaxob" {+Fly rF++ Dex+4} for 833 gold pieces
 27295 | Orc:2    | Found Zesirpho's Distillery.
 27295 | Orc:2    | Found Waowai's General Store.
 27316 | Orc:2    | Received a gift from Trog
 27515 | Orc:2    | Found a roughly hewn altar of Beogh.
 27807 | Orc:1    | Found Myezxiod's Assorted Antiques.
 27807 | Orc:1    | Found Pumeirom's Distillery.
 27834 | Orc:1    | Bought a pair of embroidered boots for 240 gold pieces
 28240 | D:13     | Found Kysapsou's Armour Emporium.
 28429 | D:13     | Found Nafatwedghun's Armour Shop.
 28515 | D:13     | Noticed Urug
 28536 | D:13     | Killed Urug
 28696 | D:13     | Found a gate to the Vaults.
 28860 | D:13     | Reached XP level 16. HP: 63/101 MP: 20/20
 28989 | D:13     | Found Paug's General Store.
 29044 | D:13     | Received a gift from Trog
 29300 | D:14     | Reached skill level 15 in Maces & Flails
 29399 | D:14     | Got a wavering ivory ring
 29408 | D:14     | Identified the ring "Iwapu" {Fire rPois MP-9 Int+4 SInv} (You found it on level 14 of the Dungeon)
 29944 | D:15     | Entered Level 15 of the Dungeon
 29971 | D:14     | Received a gift from Trog
 30027 | D:15     | Reached skill level 18 in Shields
 30585 | D:15     | Noticed Agnes
 30596 | D:15     | Killed Agnes
 31450 | D:15     | Found a staircase to the Depths.
 31678 | D:15     | Found a glowing golden altar of the Shining One.
 31980 | Snake:1  | Entered Level 1 of the Snake Pit
 32526 | Snake:1  | Reached XP level 17. HP: 108/108 MP: 23/23
 32637 | Snake:1  | Received a gift from Trog
 33191 | Snake:1  | Found Vyac's Armour Boutique.
 33191 | Snake:1  | Found Juedugh's Weapon Shop.
 33199 | Snake:1  | Bought the +2 shield of Resistance {rF+ rC+ MR+} for 534 gold pieces
 33219 | Snake:1  | Identified a scroll of acquirement
 33354 | Snake:2  | Noticed Saint Roka
 33354 | Snake:2  | Noticed Frances
 33860 | Snake:2  | Killed Saint Roka
 33869 | Snake:2  | Killed Frances
 33953 | Snake:2  | Reached skill level 19 in Shields
 33970 | Snake:2  | Received a gift from Trog
 33983 | Snake:2  | Got a pitted longbow {god gift}
 34796 | Snake:3  | Noticed Jorgrun
 34811 | Snake:3  | Killed Jorgrun
 35413 | Snake:3  | Reached XP level 18. HP: 88/116 MP: 25/25
 35582 | Snake:3  | Found Kowarru's Gadget Boutique.
 35861 | Snake:4  | Entered Level 4 of the Snake Pit
 35870 | Snake:4  | Received a gift from Trog
 35927 | Snake:4  | Noticed Roxanne
 36789 | Snake:4  | Reached skill level 10 in Evocations
 37092 | Snake:4  | Received a gift from Trog
 37111 | Snake:4  | Reached skill level 20 in Shields
 37150 | Snake:4  | Got a smoking flail
 37151 | Snake:4  | Identified the cursed +0 flail "Yjoskae" {speed, rN+} (You found it on level 4 of the Snake Pit)
 37294 | Snake:4  | Reached skill level 15 in Fighting
 37998 | Snake:4  | Reached XP level 19. HP: 124/124 MP: 26/26
 38068 | Snake:4  | Got a serpentine rune of Zot
 38221 | Snake:4  | Killed Roxanne
 38222 | Snake:4  | Identified Roxanne's Incunabulum of Moulding (You took it off Roxanne on level 4 of the Snake Pit)
 38478 | Shoals:1 | Entered Level 1 of the Shoals
 38798 | Shoals:1 | Received a gift from Trog
 39720 | Shoals:2 | Found Mymaqeho's Distillery.
 40009 | Shoals:2 | Found a shimmering altar of Xom.
 40619 | Shoals:3 | Noticed Polyphemus
 40637 | Shoals:3 | Received a gift from Trog
 40647 | Shoals:3 | Killed Polyphemus
 41107 | Shoals:4 | Entered Level 4 of the Shoals
 41107 | Shoals:4 | Found a shadowy altar of Dithmenos.
 41272 | Shoals:4 | Reached skill level 21 in Shields
 41418 | Shoals:4 | Noticed Ilsuiw
 41509 | Shoals:4 | Killed Ilsuiw
 41944 | Shoals:4 | Received a gift from Trog
 42086 | Shoals:4 | Got a barnacled rune of Zot
 42175 | Shoals:4 | Reached XP level 20. HP: 132/132 MP: 28/28
 42910 | Depths:1 | Entered Level 1 of the Depths
 43406 | D:15     | Received a gift from Trog
 44904 | Depths:1 | Paralysed by an ogre mage for 2 turns
 44991 | Depths:1 | Received a gift from Trog
 45105 | Depths:1 | Found a shimmering altar of Xom.
 45265 | Depths:1 | Found a gateway to Hell.
 45456 | Depths:2 | Reached skill level 22 in Shields
 45642 | Depths:2 | Noticed a Brimstone Fiend
 46312 | Depths:2 | Noticed a caustic shrike
 46323 | Depths:2 | Killed a caustic shrike
 46576 | Depths:1 | Reached XP level 21. HP: 76/139 MP: 30/30
 46923 | Depths:2 | You are sucked into a shaft for 2 floors!
 46947 | Depths:4 | Cast into level 2 of the Abyss (deep elf high priest)
 47198 | Abyss:2  | Received a gift from Trog
 47252 | Abyss:2  | HP: 6/139 [daeva/divine providence (11)]
 47350 | Abyss:2  | Noticed a bone dragon
 47371 | Abyss:2  | Killed a bone dragon
 47384 | Depths:4 | Escaped the Abyss
 47941 | Depths:4 | Found a snail-covered altar of Cheibriados.
 47941 | Depths:4 | Found a burning altar of Makhleb.
 47943 | Depths:4 | Found a basalt altar of Yredelemnul.
 47950 | Depths:4 | Found a one-way gate to the infinite horrors of the Abyss.
 47974 | Depths:4 | Demolished by a caustic shrike simulacrum

Skill      XL: |  1  2  3  4  5  6  7  8  9 10 11 12 13 14 15 16 17 18 19 20 |
---------------+-------------------------------------------------------------+-----
Maces & Flails | 4 5 6 8 9 11 12 13 14 16 17 18 | 18.7
Stealth        | 1 2 |  2.9
Dodging        | 2 3 4 5 6 7 |  7.2
Fighting       | 4 5 6 7 8 10 11 12 13 14 15 16 17 | 17.6
Armour         | 3 5 6 7 8 |  8.1
Shields        | 3 8 13 15 16 17 18 19 20 21 22 | 22.5
Evocations     | 2 5 6 8 9 10 11 12 | 12.8

Action                   |  1- 3 |  4- 6 |  7- 9 | 10-12 | 13-15 | 16-18 | 19-21 || total
-------------------------+-------+-------+-------+-------+-------+-------+-------++-------
Melee: Mace              |    79 |   231 |   462 |   994 |  1801 |       |       ||  3567
       Eveningstar       |       |       |       |       |   345 |  1617 |  1650 ||  3612
Invok: Berserk           |     3 |     4 |     9 |     8 |    10 |     7 |     5 ||    46
       Trog's Hand       |       |       |       |     2 |     2 |     2 |     4 ||    10
       Brothers in Arms  |       |       |       |       |     1 |       |     3 ||     4
 Abil: Fly               |       |       |       |       |     1 |       |       ||     1
  Use: Scroll            |       |       |       |    13 |     9 |     4 |     3 ||    29
       Potion            |       |       |       |       |       |     1 |     4 ||     5
 Stab: Sleeping          |     2 |     2 |       |       |       |       |       ||     4
       Invisible         |       |       |       |     1 |       |       |       ||     1
  Eat: Chunk             |     3 |    12 |    34 |    46 |    58 |    38 |    41 ||   232
       Fruit             |       |       |     2 |       |       |       |       ||     2
Armor: Animal skin       |    27 |    67 |       |       |       |       |       ||    94
       Ring mail         |       |    29 |    97 |    79 |    18 |       |       ||   223
       Plate armour      |       |       |   119 |   330 |   936 |   553 |   716 ||  2654
Dodge: Dodged            |    54 |   168 |   283 |   471 |   955 |   524 |   633 ||  3088
Block: Shield            |       |       |       |   325 |  1518 |  1307 |  1585 ||  4735
